 Dungeon Crawl Stone Soup version 0.30-a0-715-gdb4ae3ece1 (webtiles) character file.

Game seed: 3191071957775158186

247 PyroL the Changer (level 6, -8/38 HPs)
             Began as an Octopode Transmuter on Jan 23, 2023.
             Killed by divine providence
             ... invoked by an orc priest
              (12 damage)
             ... on level 3 of the Dungeon.
             The game lasted 00:04:35 (2722 turns).

PyroL the Changer (Octopode Transmuter)             Turns: 2722, Time: 00:04:36

Health: -8/38      AC:  1    Str: 13    XL:     6   Next: 11%
Magic:  6/11       EV: 13    Int: 22    God:
Gold:   126        SH:  0    Dex: 15    Spells: 6/12 levels left

rFire   . . .      SeeInvis .    f - +2 dagger of the Chewing Scavenger {vamp, rCorr Str+4 Dex+3 Stlth-}
rCold   . . .      Faith    .    (no shield)
rNeg    . . .      Spirit   .    (helmet restricted)
rPois   +          Reflect  .    (no amulet)
rElec   .          Harm     .    c - ring of willpower
rCorr   +          Rampage  .    m - +6 ring of intelligence
Will    +....                    (no ring)
Stlth   +                        (no ring)
HPRegen 0.26/turn                (no ring)
MPRegen 0.12/turn                (no ring)
                                 (no ring)
                                 (no ring)

@: wereblooded, flying
A: almost no armour, amphibious, 8 rings, camouflage 1, gelatinous body 1,
(nimble swimmer 1), tentacles, dopey 1, poison resistance
a: no special abilities


You were on level 3 of the Dungeon.
You visited 1 branch of the dungeon, and saw 3 of its levels.

You collected 126 gold pieces.

Inventory:

Hand Weapons
 f - the +2 dagger of the Chewing Scavenger (weapon) {vamp, rCorr Str+4 Dex+3 Stlth-}
   (You found it on level 2 of the Dungeon)

   Str:       It affects your strength (+4).
   Dex:       It affects your dexterity (+3).
   rCorr:     It protects you from acid and corrosion.
   Stlth:     It makes you less stealthy.
Jewellery
 c - a ring of willpower (left tentacle)
 m - a +6 ring of intelligence (right tentacle)
Scrolls
 b - a scroll of summoning {unknown}
 d - 3 scrolls of teleportation {unknown}
 e - 5 scrolls of identify {unknown}
 h - a scroll of enchant weapon {unknown}
 l - 2 scrolls of immolation {unknown}
 n - 2 scrolls of fear {unknown}
 o - 2 scrolls of amnesia {unknown}
 q - a scroll of vulnerability {unknown}
Potions
 a - a potion of lignification
 g - a potion of cancellation {unknown}
 i - a potion of curing {unknown}
 j - a potion of mutation
 k - a potion of flight
 p - a potion of ambrosia {unknown}


   Skills:
 * Level 1.3 Fighting
 - Level 2.0 Dodging
 - Level 3.0 Unarmed Combat
 * Level 3.8 Spellcasting
 + Level 4.0 Transmutations
 - Level 3.0 Poison Magic


You had 6 spell levels left.
You knew the following spells:

 Your Spells              Type           Power      Damage    Failure   Level
a - Beastly Appendage     Tmut           44%        N/A       2%          1
b - Wereblood             Tmut           22%        N/A       3%          2
c - Spider Form           Tmut/Pois      19%        N/A       9%          3

Your spell library contained the following spells:

 Spells                   Type           Power      Damage    Failure   Level
 Magic Dart               Conj           16%        1d3       12%         1
 Call Imp                 Summ           4%         N/A       17%         2
 Mephitic Cloud           Conj/Pois/Air  8%         N/A       22%         3
 Gell's Gravitas          Tloc           4%         N/A       34%         3
 Teleport Other           Tloc           4%         N/A       34%         3
 Ice Form                 Ice/Tmut       13%        N/A       45%         4
 Dispersal                Tloc           2%         N/A       100%        6


Dungeon Overview and Level Annotations

Branches:
Dungeon (3/15)

Altars:
Cheibriados

Shops:
D:1 [

Annotations:
D:3 Terence


Innate Abilities, Weirdness & Mutations

You cannot wear most types of armour.
You are amphibious.
You can wear up to eight rings at the same time.
Your skin changes colour to match your surroundings (Stealth+).
Your rubbery body absorbs attacks. (AC +1, EV +1)
((You are camouflaged when in or above water. (Stealth+)))
You have tentacles for arms and can constrict up to eight enemies at once.
You are dopey. (Int -2)
Your system is resistant to poisons. (rPois)


Message History

You hit the orc.
The orc is poisoned.
The orc is heavily wounded.
The orc barely misses you.
You hit the orc.
The orc looks as sick as possible!
The orc is heavily wounded.
Your transformation is almost over.
The orc hits you with a +0 flail.
* * * LOW HITPOINT WARNING * * *
You hit the orc but do no damage.
The orc is almost dead.
You hiss as the wereblood boils in your veins!
You feel a bit better.
You kill the orc!
You hit something. Something barely misses you.
You hit something.
You hiss as the wereblood boils in your veins!
Something hits you.
* * * LOW HITPOINT WARNING * * *
You closely miss something.
It was a potion of mutation.
You feel extremely strange.
You feel stupid.
You feel resistant to poisons. Something hits you.
* * * LOW HITPOINT WARNING * * *
It was a potion of flight.
You feel very buoyant.
You fly up into the air.
The orc priest looks braver for a moment.
Something closely misses you.
You hit something.
You feel a bit better.
Reactivating autopickup.
You feel a bit more experienced.
You have reached level 6!
You hit the orc priest.
The orc priest is poisoned.
The orc priest is lightly wounded.
Your transformation has ended.
The +2 dagger of the Chewing Scavenger {vamp, rCorr Str+4 Dex+3 Stlth-} unmelds from your body.
You feel a sense of dread.
The orc priest calls down the wrath of Beogh upon you.
Beogh smites you!
You die...

# ##...##
#.##.####.#
# #+##
#.........#
#
####.######
# #.# . #.#
. #.# #.#
#.######.#
#...o@...#
#.########
#. #.# #.#
#######.#
###########


You could see an orc priest (very poisoned).

Vanquished Creatures
  A scorpion (D:3)
  2 orc wizards (D:3)
  4 adders
  A worm (D:2)
  2 dart slugs
  11 orcs (D:3)
  6 endoplasms
  5 giant cockroaches
  6 goblins
  7 hobgoblins
  10 jackals (D:1)
  2 kobolds (D:1)
  2 quokkas
  7 ball pythons
  7 bats
  4 frilled lizards
  4 rats
81 creatures vanquished.

Notes
Turn   | Place    | Note
-------+----------+-------------------------------------------
     0 | D:1      | PyroL the Octopode Transmuter began the quest for the Orb.
     0 | D:1      | Reached XP level 1. HP: 13/13 MP: 3/3
    85 | D:1      | Reached skill level 1 in Poison Magic
    85 | D:1      | Reached XP level 2. HP: 16/18 MP: 3/5
   420 | D:1      | Reached XP level 3. HP: 22/23 MP: 4/6
   880 | D:1      | Found Otonloeg's Armour Emporium.
   884 | D:1      | Learned a level 2 spell: Wereblood
  1228 | D:2      | Identified the +2 dagger of the Chewing Scavenger {vamp,
                  | rCorr Str+4 Dex+3 Stlth-}
  1358 | D:2      | Reached XP level 4. HP: 28/28 MP: 6/8
  1432 | D:2      | Reached skill level 3 in Transmutations
  1677 | D:2      | Learned a level 3 spell: Spider Form
  1771 | D:3      | Noticed Terence
  1820 | D:3      | Reached XP level 5. HP: 32/33 MP: 4/9
  2036 | D:3      | Found a faded altar of an unknown god.
  2040 | D:3      | Found a snail-covered altar of Cheibriados.
  2713 | D:3      | Reached skill level 4 in Transmutations
  2719 | D:3      | Gained mutation: You are dopey. (Int -2) [potion of
                  | mutation]
  2719 | D:3      | Gained mutation: Your system is resistant to poisons.
                  | (rPois) [potion of mutation]
  2719 | D:3      | HP: 1/33 [something (3)]
  2722 | D:3      | Reached XP level 6. HP: 4/38 MP: 6/11
  2722 | D:3      | Killed from afar by an orc priest

Illustrated notes

Levels and vault maps discovered:
D:1:      spicycebolla_arrival_clurvy, layout_loops_corners, serial_shops,
          nicolae_shop_hallway_stairs
D:2:      layout_basic, serial_bayou_pond_d
D:3:      layout_loops_corners, nicolae_overflow_ecumenical_swirl,
          chequers_serial_rivers_micro_e, uniq_terence

Skill      XL: |  1  2  3  4  5 |
---------------+----------------+-----
Poison Magic   | 1 2 3 |  3.0
Transmutations | 3 4 |  4.0
Spellcasting   | 3 |  3.8
Fighting       | |  1.3
Dodging        | |  2.0
Unarmed Combat | |  3.0

Action                     |  1- 3 |  4- 6 || total
---------------------------+-------+-------++-------
  Melee: Unarmed           |    72 |    34 ||   106
         Constrict         |    26 |    15 ||    41
         Tentacles         |    17 |    10 ||    27
         Kick              |    27 |    17 ||    44
         Punch             |     2 |     2 ||     4
         Dagger            |    10 |    55 ||    65
   Cast: Beastly Appendage |    27 |    20 ||    47
         Spider Form       |       |     2 ||     2
         Wereblood         |       |     2 ||     2
    Use: Potion            |       |     2 ||     2
   Stab: Sleeping          |     6 |       ||     6
 Armour: Skin              |     5 |     2 ||     7
  Dodge: Dodged            |    42 |    52 ||    94

Table legend: (Time is in decaauts)
 A = Elapsed time spent in this place.
 B = Non-inter-level travel time spent in this place.
 C = Inter-level travel time spent in this place.
 D = Time resting spent in this place.
 E = Time spent auto-exploring this place.
 F = Levels seen in this place.
 G = Mean time per level.
                   A        B        C        D        E       F      G
               +--------+--------+--------+--------+--------+-----+--------+
         Total |   2714 |   2651 |     63 |    194 |   1922 |   3 |  904.7 |
       Dungeon |   2714 |   2651 |     63 |    194 |   1922 |   3 |  904.7 |
               +--------+--------+--------+--------+--------+-----+--------+

Top non-repeatable levels by time:
     D:1: 1134 daAuts
     D:3: 1000 daAuts
     D:2: 579 daAuts
